 Dungeon Crawl Stone Soup version 0.30-a0-390-g80c34de65d (webtiles) character file.

Game seed: 9637807481317376375

100 billz999 the Stinger (level 4, 0/27 HPs)
             Began as an Octopode Venom Mage on Dec 5, 2022.
             Slain by a kobold
             ... wielding a +0 whip
              (5 damage)
             ... in a sewer.
             The game lasted 00:06:34 (2487 turns).

billz999 the Stinger (Octopode Venom Mage)          Turns: 2487, Time: 00:06:35

Health: 0/27       AC:  1    Str:  7    XL:     4   Next: 74%
Magic:  1/8        EV: 13    Int: 19    God:
Gold:   143        SH:  0    Dex: 12    Spells: 2/8 levels left

rFire   . . .      SeeInvis .    (no weapon)
rCold   . . .      Faith    .    (no shield)
rNeg    . . .      Spirit   .    (helmet restricted)
rPois   .          Reflect  .    i - amulet of the acrobat
rElec   .          Harm     .    (no ring)
rCorr   .          Rampage  .    (no ring)
Will    .....                    (no ring)
Stlth   +++.......               (no ring)
HPRegen 0.24/turn                (no ring)
MPRegen 0.11/turn                (no ring)
                                 (no ring)
                                 (no ring)

@: on berserk cooldown, slowed, very slow
A: almost no armour, amphibious, 8 rings, camouflage 1, gelatinous body 1,
(nimble swimmer 1), tentacles
a: no special abilities


You were in a sewer.
You visited 1 branch of the dungeon, and saw 3 of its levels.
You also visited: Sewer.

You collected 143 gold pieces.

Inventory:

Jewellery
 d - an amulet of reflection
 i - an amulet of the acrobat (around mantle)
Scrolls
 b - a scroll of poison
 e - a scroll of fog {unknown}
 f - a scroll of silence {unknown}
 g - a scroll of vulnerability {unknown}
 h - 2 scrolls of teleportation
 o - a scroll of enchant weapon {unknown}
 p - a scroll of immolation {unknown}
 r - a scroll of enchant armour {unknown}
Potions
 a - a potion of magic
 j - a potion of attraction
 k - a potion of berserk rage
 l - a potion of lignification
 m - 3 potions of brilliance {unknown}
 n - a potion of flight
 q - a potion of curing {unknown}


   Skills:
 - Level 2.0 Dodging
 - Level 2.6 Stealth
 + Level 2.6 Spellcasting
 + Level 2.0 Transmutations
 * Level 1.3 Air Magic
 * Level 5.0 Poison Magic


You had 2 spell levels left.
You knew the following spells:

 Your Spells              Type           Power      Damage    Failure   Level
a - Sting                 Tmut/Pois      64%        1d6       3%          1
b - Poisonous Vapours     Pois/Air       28%        N/A       6%          2
c - Mephitic Cloud        Conj/Pois/Air  10%        N/A       21%         3

Your spell library contained the following spells:

 Spells                   Type           Power      Damage    Failure   Level
 Freeze                   Ice            8%         1d3       16%         1
 Olgreb's Toxic Radiance  Pois           21%        N/A       21%         4
 Frozen Ramparts          Ice            4%         1d1       43%         3
 Hailstorm                Conj/Ice       2%         3d3       43%         3


Dungeon Overview and Level Annotations

Branches:
Dungeon (3/15)              Sewer (1/1)

Altars:
Elyvilon

Shops:
D:1 *

Annotations:
D:3 2 transporters


Innate Abilities, Weirdness & Mutations

You cannot wear most types of armour.
You are amphibious.
You can wear up to eight rings at the same time.
Your skin changes colour to match your surroundings (Stealth+).
Your rubbery body absorbs attacks. (AC +1, EV +1)
((You are camouflaged when in or above water. (Stealth+)))
You have tentacles for arms and can constrict up to eight enemies at once.


Message History

The kobold screams, "I'll kill you anyway!"
You tentacle-slap the kobold but do no damage.
You grab the kobold.
You constrict the kobold, but do no damage.
The kobold barely misses you.
You tentacle-slap the kobold but do no damage.
You constrict the kobold, but do no damage.
The kobold hits you with a +2 dagger of venom.
* * * LOW HITPOINT WARNING * * *
Unknown command.
A red film seems to cover your vision as you go berserk!
You feel yourself moving faster!
You feel mighty!
You constrict the kobold, but do no damage.
The kobold misses you.
You tentacle-slap the kobold.
You kill the kobold!
Things that are here:
a +2 dagger of venom; a +0 club; 4 poisoned darts You feel a strong urge to attack something.
Things that are here:
a +0 dagger; a kobold corpse You feel your anger nearly subside.
Things that are here:
a +0 dagger; a kobold corpse You are no longer berserk.
You are exhausted.
You feel yourself slow down.
Things that are here:
a +2 dagger of venom; a +0 club; 4 poisoned darts You catch the helpless kobold completely off-guard!
You tentacle-slap the kobold but do no damage.
You grab the kobold.
You squeeze the kobold, but do no damage.
You constrict the kobold. The kobold hits you with a +0 whip.
* * * LOW HITPOINT WARNING * * *
You tentacle-slap the kobold but do no damage.
The kobold is severely wounded.
You constrict the kobold, but do no damage.
The kobold misses you. The kobold hits you with a +0 whip.
You die...

# ≈# ≈≈#
#######≈≈#
#..#[?#≈≈#
#.....#≈≈#
+...K##≈≈#
#.).@!#≈≈#
#..#..#≈≈#
#######≈≈#
≈≈# ≈# #


You could see a kobold (confused).

Vanquished Creatures
  3 adders
  A river rat (Sewer)
  4 dart slugs
  5 ball pythons
  2 endoplasms
  A giant cockroach (D:1)
  4 goblins
  5 hobgoblins
  2 jackals (D:1)
  9 kobolds
  4 quokkas
  5 bats
  2 frilled lizards (D:1)
  7 rats
54 creatures vanquished.

Notes
Turn   | Place    | Note
-------+----------+-------------------------------------------
     0 | D:1      | billz999 the Octopode Venom Mage began the quest for the
                  | Orb.
     0 | D:1      | Reached XP level 1. HP: 11/11 MP: 3/3
   179 | D:1      | Reached skill level 4 in Poison Magic
   179 | D:1      | Reached XP level 2. HP: 17/17 MP: 0/5
   549 | D:1      | Reached XP level 3. HP: 21/21 MP: 1/6
   641 | D:1      | Found Lumin's Assorted Antiques.
   759 | D:1      | Learned a level 2 spell: Poisonous Vapours
   776 | D:1      | Learned a level 3 spell: Mephitic Cloud
  1272 | D:2      | Found a white marble altar of Elyvilon.
  1883 | D:2      | Reached XP level 4. HP: 22/27 MP: 0/7
  2024 | D:3      | Found a transporter.
  2091 | D:3      | Found a transporter.
  2124 | D:3      | Found a glowing drain.
  2131 | D:3      | Reached skill level 1 in Air Magic
  2176 | Sewer    | Entered a sewer
  2474 | Sewer    | Reached skill level 5 in Poison Magic
  2487 | Sewer    | Slain by a kobold

Illustrated notes

Levels and vault maps discovered:
D:1:      elethiomel_arrival_maze, layout_rooms, serial_shops, shop,
          minmay_pentomino_u2
D:2:      layout_rooms, basic_altar, minmay_cut_off
D:3:      gammafunk_wand_slinger, layout_rooms, portal_sewer_entry_d
Sewer:    sewer_minmay_treatment

Skill      XL: |  1  2  3  4 |
---------------+-------------+-----
Poison Magic   | 4 5 |  5.0
Transmutations | 2 |  2.0
Air Magic      | 1 |  1.3
Dodging        | |  2.0
Stealth        | |  2.6
Spellcasting   | |  2.6

Action                   |  1- 3 |  4- 6 || total
-------------------------+-------+-------++-------
Melee: Unarmed           |    47 |    24 ||    71
       Constrict         |    11 |     7 ||    18
       Tentacles         |     9 |     3 ||    12
       Punch             |       |     1 ||     1
 Cast: Sting             |    39 |     8 ||    47
       Poisonous Vapours |    17 |     9 ||    26
       Mephitic Cloud    |       |     1 ||     1
  Use: Scroll            |     5 |     3 ||     8
       Potion            |       |     1 ||     1
 Stab: Confused          |       |     1 ||     1
Armor: Skin              |     5 |     2 ||     7
Dodge: Dodged            |    43 |    17 ||    60
Block: Other             |     3 |       ||     3

Table legend: (Time is in decaauts)
 A = Elapsed time spent in this place.
 B = Non-inter-level travel time spent in this place.
 C = Inter-level travel time spent in this place.
 D = Time resting spent in this place.
 E = Time spent auto-exploring this place.
 F = Levels seen in this place.
 G = Mean time per level.
                   A        B        C        D        E       F      G
               +--------+--------+--------+--------+--------+-----+--------+
         Total |   2484 |   2429 |     55 |    815 |   1243 |   4 |  621.0 |
       Dungeon |   2175 |   2120 |     55 |    562 |   1238 |   3 |  725.0 |
         Sewer |    309 |    309 |      0 |    253 |      5 |   1 |  309.0 |
               +--------+--------+--------+--------+--------+-----+--------+

Top non-repeatable levels by time:
     D:1: 1120 daAuts
     D:2: 903 daAuts
   Sewer: 309 daAuts
     D:3: 151 daAuts
